 Dungeon Crawl Stone Soup version 0.18-a0-1526-gcb34c7c (webtiles) character file.

56 GrosslyIncandescent the Insei (level 3, 0/29 HPs)
             Began as a Mummy Monk on Mar 8, 2016.
             Slain by a gnoll (7 damage)
             ... on level 2 of the Dungeon.
             The game lasted 00:02:05 (2265 turns).

GrosslyIncandescent the Insei (Mummy Monk)          Turns: 2265, Time: 00:02:06

Health: 0/29       AC:  0    Str: 14    XL:     3   Next: 71%
Magic:  3/3        EV: 13    Int:  9    God:
Gold:   90         SH:  0    Dex: 15    Spells: 0 memorised, 2 levels left

rFire  x . .     SeeInvis .       - Unarmed
rCold  + . .     Gourm    .     (no armour)
rNeg   + + +     Faith    .     (no shield)
rPois  ∞         Spirit   .     (no helmet)
rElec  .         Dismiss  .     (no cloak)
rCorr  .         Reflect  .     (no gloves)
SustAt .         Harm     .     (no boots)
MR     .....                    (no amulet)
Stlth  ++........               (no ring)
                                (no ring)

@: not resistant to hostile enchantments, unstealthy
A: no food or potions, fire vulnerability, cold resistance 1, negative energy
resistance 3, torment resistance, unbreathing
a: no special abilities


You were on level 2 of the Dungeon.
You were not hungry.

You visited 1 branch of the dungeon, and saw 2 of its levels.

You collected 90 gold pieces.


Innate Abilities, Weirdness & Mutations

You do not eat or drink.
Your flesh is vulnerable to fire.
You are immune to poison.
Your flesh is cold resistant.
You are immune to negative energy.
You are immune to unholy pain and torment.
You can survive without breathing.


   Skills:
 - Level 3.0 Fighting
 - Level 2.4 Dodging
 - Level 1.5 Stealth
 + Level 4.4 Unarmed Combat


You had 2 spell levels left.
You didn't know any spells.

Inventory:

Scrolls
 a - a scroll of fear {unknown}
 b - a scroll of fog {unknown}
 c - a scroll of teleportation {unknown}
 d - a scroll of enchant weapon {unknown}
 e - a scroll of remove curse {unknown}
 f - a scroll of identify {unknown}
 g - a scroll of recharging {unknown}

Dungeon Overview and Level Annotations

Branches:
Dungeon (2/15)

Altars:
Yredelemnul

+......................>...<
▒.▒.▒▒▒.▒▒.................▒
▒.▒..▒▒.▒▒..▒▒▒▒▒'▒.........
▒.▒▒.▒▒.▒▒..▒ ▒.....▒.▒▒..▒
▒▒▒▒▒▒'▒▒..▒.▒▒..▒▒▒▒...▒▒▒.▒▒..▒
▒........▒.▒.....................
▒........▒.▒▒......▒▒...▒▒▒.▒▒..▒
▒........▒..▒.▒..▒▒▒▒...▒ ▒.▒▒...
▒........▒▒.▒.▒.M▒ ▒...▒ ▒.▒▒.▒▒
▒▒▒▒▒▒'▒▒▒▒.▒.▒g.▒ ▒▒▒▒▒▒▒.▒▒.▒▒
▒...........▒.)▒▒▒▒▒▒▒....▒▒...
▒...†...▒.▒.▒........+....▒▒▒▒▒
▒.......▒......▒▒▒▒▒▒▒........▒
▒.......▒▒..▒▒................'
▒...............▒▒▒▒▒.........▒
▒........▒.....▒▒ ▒...........▒
▒........▒.....▒ ▒...........▒


You could see a gnoll.


Message History

The giant cockroach bites you! x2
The giant cockroach closely misses you!
You squash the giant cockroach like an ant!
The giant cockroach is severely wounded!
The giant cockroach waves its antennae!
The giant cockroach bites you!
You pummel the giant cockroach like a punching bag!
You annihilate the giant cockroach!!!
You see here a dagger of flaming!
You see here 25 sling bullets!
There is a stone staircase leading down here!
You start resting!
HP restored!
You climb downwards!
The gnoll misses you! The gnoll hits you!
There is a stone staircase leading up here!
You barely miss the gnoll! The gnoll hits you!
You squash the gnoll like an ant!!!
The gnoll is heavily wounded!
The gnoll hits you! * * * don't die
* * * You beat the gnoll into a bloody pulp!
The gnoll is severely wounded!
The gnoll hits you!!! * * * don't die
* * * You beat the gnoll but do no damage!
The gnoll is severely wounded!
You closely miss the gnoll!
The gnoll is severely wounded!
The gnoll hits you!!! rip

Action                   || total
-------------------------++-------
Melee: Unarmed           ||   117
 Stab: Sleeping          ||     4

Vault maps used:
D:1:      dpeg_arrival_central, hangedman_decor_points, minmay_crystal_water,
          minmay_misc_feat_x
D:2:      yredelemnul_forgotten_temple_becter, grunt_pakellas_basics,
          uniq_sigmund

Notes
Turn   | Place    | Note
--------------------------------------------------------------
     0 | D:1      | GrosslyIncandescent the Mummy Monk began the quest for the Orb.
     0 | D:1      | Reached XP level 1. HP: 18/18 MP: 1/1
   263 | D:1      | Reached XP level 2. HP: 20/24 MP: 2/2
   832 | D:1      | Reached skill level 4 in Unarmed Combat
  1343 | D:1      | Reached XP level 3. HP: 29/29 MP: 3/3
  1823 | D:2      | Found a basalt altar of Yredelemnul.
  2265 | D:2      | Slain by a gnoll

Vanquished Creatures
  2 gnolls
  2 dart slugs (D:1)
  2 giant cockroaches (D:1)
  6 goblins
  3 hobgoblins (D:1)
  7 kobolds
  2 giant newts
  7 rats (D:1)
  A spectral orc (D:2)
32 creatures vanquished.
